Map: Acid Plant LE

Players

BobbyAwesome

  • Race: Protoss Protoss
  • League: Diamond
  • Spawn Location: 5:00

Manbrave - Winner!

  • Race: Zerg Zerg
  • League: Diamond
  • Spawn Location: 11:00

VOD

Have the link to the VOD?

Description

Time

  • Played on: May 15, 2018, 11:19 p.m.
  • Length: 12:44
Show
View Real Time Build Order
Export as new Build Order

BobbyAwesome Protoss 

Build Orders: Zealot Archon, Dark Templar Rush 

Get SALT Encoding   

  12  0:01  Probe  
  13  0:13  Pylon  
  13  0:19  Assimilator  
  13  0:32  Gateway, Probe  
  13  0:40  Probe  
  15  0:50  Probe  
  16  1:02  Probe  
  17  1:04  Gateway  
  17  1:14  Probe  
  18  1:22  Cybernetics Core  
  18  1:25  Zealot  
  20  1:29  Probe  
  21  1:35  Pylon  
  21  1:41  Probe  
  22  1:48  Stalker  
  22  1:51  Stalker  
  26  2:01  Warp Gate  
  26  2:06  Assimilator  
  26  2:10  Probe  
  27  2:21  Zealot  
  27  2:22  Probe  
  30  2:43  Probe  
  31  2:46  Twilight Council  
  31  2:51  Gateway  
  31  3:38  Zealot  
  31  3:39  Zealot, Probe  
  30  3:43  Charge  
  30  3:46  Dark Shrine  
  28  3:52  Pylon  
  28  3:56  Pylon  
  28  4:00  Pylon  
  28  4:06  Zealot  
  30  4:11  Sentry  
  32  4:28  Gateway  
  32  4:32  Pylon  
  32  4:37  Adept  
  34  4:38  Adept  
  36  4:52  Robotics Facility  
  36  4:59  Sentry  
  38  5:01  Stalker  
  40  5:23  Dark Templar  
  40  5:26  Zealot x2  
  40  5:27  Zealot  
  48  5:39  Warp Prism  
  50  5:45  Pylon  
  50  5:58  Zealot  
  50  6:00  Dark Templar  
  54  6:08  Dark Templar  
  56  6:15  Immortal  
  60  6:24  Nexus  
  60  6:34  Archon  
  60  6:50  Probe  
  60  6:53  Dark Templar  
  63  6:57  Archon  
  63  7:01  Pylon  
  63  7:06  Pylon  
  63  7:09  Probe  
  52  7:15  Immortal  
  52  7:21  Probe  
  45  7:31  Pylon  
  45  7:42  Probe  
  45  7:43  Assimilator  
  46  7:51  Shield Battery  
  45  8:22  Zealot x4  
  51  8:40  Pylon  
  37  8:55  Zealot x4  
  37  8:59  Pylon  
  37  9:00  Pylon  
  35  9:19  Zealot x4  
  41  9:39  Probe  
  41  9:40  Probe  
  41  9:41  Dark Templar x2  
  41  9:45  Archon  
  47  9:47  Dark Templar  
  47  9:51  Probe  
  50  10:00  Sentry  
  52  10:14  Sentry  
  52  10:15  Sentry  
  56  10:22  Pylon  
  56  10:32  Immortal  
  56  10:36  Sentry x2  
  58  10:43  Sentry x2  
  66  10:59  Gateway  
  66  11:07  Dark Templar x2  
  66  11:19  Dark Templar  
  66  11:20  Archon  
  66  11:23  Immortal  
  39  11:59  Dark Templar x2  
  35  12:08  Stalker  
  33  12:26  Dark Templar  
Show
View Real Time Build Order
Export as new Build Order

Manbrave Zerg - Winner!

Build Orders: Hatch First 

Get SALT Encoding   

  12  0:01  Drone  
  13  0:12  Overlord  
  13  0:17  Drone  
  14  0:30  Drone x2  
  14  0:34  Drone  
  17  0:52  Hatchery  
  16  1:00  Drone  
  16  1:01  Drone  
  18  1:14  Extractor  
  18  1:15  Spawning Pool  
  18  1:17  Drone  
  17  1:21  Drone  
  18  1:28  Drone  
  19  1:39  Overlord  
  19  2:02  Zergling x4  
  19  2:04  Queen x2  
  19  2:05  Drone  
  26  2:13  Metabolic Boost  
  26  2:16  Drone x2  
  26  2:21  Drone  
  29  2:43  Overlord x2  
  29  2:45  Spine Crawler  
  28  2:53  Spine Crawler  
  28  2:55  Zergling x2  
  28  3:05  Zergling x10  
  32  3:16  Zergling x8  
  35  3:26  Spine Crawler  
  34  3:44  Drone  
  34  3:45  Pneumatized Carapace  
  35  3:59  Hatchery  
  34  4:06  Drone  
  35  4:13  Drone, Roach Warren  
  35  4:26  Drone  
  35  4:28  Overlord x2  
  36  4:45  Spore Crawler  
  35  4:46  Queen  
  35  4:49  Spore Crawler  
  35  4:50  Drone x8  
  44  4:54  Drone  
  44  4:55  Drone  
  44  4:58  Drone  
  47  5:02  Drone  
  47  5:03  Drone  
  49  5:12  Lair  
  49  5:15  Drone  
  49  5:18  Drone, Extractor  
  49  5:20  Drone  
  51  5:22  Drone  
  51  5:23  Drone  
  53  5:36  Overlord x3  
  53  5:41  Overlord  
  53  5:49  Roach x2  
  57  5:56  Roach x5  
  65  6:01  Roach x2  
  68  6:06  Roach  
  70  6:12  Spine Crawler  
  70  6:13  Roach, Spine Crawler  
  70  6:16  Roach  
  72  6:18  Roach  
  74  6:28  Overseer  
  74  6:30  Zergling x2  
  74  6:31  Zergling x8  
  79  6:36  Roach x2  
  79  6:37  Roach  
  85  6:40  Roach  
  78  7:15  Roach  
  78  7:16  Roach x6  
  84  7:30  Hydralisk Den  
  84  7:31  Drone x7  
  84  7:35  Spore Crawler  
  89  7:37  Overlord x3  
  89  7:47  Drone  
  89  7:48  Spine Crawler  
  89  8:10  Zergling x4  
  89  8:11  Zergling x24  
  89  8:38  Zergling x14  
  88  8:51  Roach x3  
  93  9:03  Roach x3  
  96  9:12  Roach x3  
  96  9:14  Ravager x4  
  99  9:23  Roach x2  
  99  9:24  Roach  
  97  9:35  Roach x3  
  94  9:40  Queen, Extractor  
  94  9:44  Zergling x6  
  95  9:51  Drone x2  
  97  9:54  Drone  
  97  9:56  Extractor  
  97  9:58  Zergling x2  
  98  10:08  Hydralisk x3  
  98  10:13  Drone x3  
  98  10:14  Drone  
  108  10:16  Zergling x6  
  108  10:17  Zergling x6  
  114  10:22  Overlord x2  
  112  10:33  Ravager x2  
  112  10:35  Ravager  
  106  10:46  Ravager x2, Spine Crawler  
  106  10:47  Hydralisk  
  106  10:49  Zergling x2  
  110  10:50  Zergling x20  
  110  10:54  Drone x3  
  123  11:04  Spine Crawler  
  122  11:12  Spine Crawler  
  114  11:20  Ravager  
  114  11:21  Zergling x2  
  114  11:22  Zergling x22  
  120  11:36  Roach x2  
  120  11:37  Roach x4  
  116  11:48  Hydralisk x5  
  116  11:49  Hydralisk x3  
  124  11:56  Zergling x2  
  116  12:02  Zergling x2  
  116  12:03  Zergling x4  
  114  12:10  Drone x3  
  114  12:13  Extractor  
  114  12:14  Zergling x6, Extractor  
Tags
 
Add a new tag
Caveats
  • Supply blocks, unpowered buildings, or Contaminate may cause inaccurate times.
  • Supply counts are checked every 10 seconds.